 Dungeon Crawl Stone Soup version 0.30-a0-462-gd5975efbca (webtiles) character file.

Game seed: 2348075449169491415

459 Engwar the Changer (level 7, 0/64 HPs)
             Began as an Octopode Transmuter on Dec 16, 2022.
             Was an Initiate of Gozag.
             Slain by an adder (3 damage)
             ... on level 4 of the Dungeon.
             The game lasted 00:12:01 (4014 turns).

Engwar the Changer (Octopode Transmuter)            Turns: 4014, Time: 00:12:01

Health: 0/64       AC:  2    Str: 10    XL:     7   Next: 6%
Magic:  10/11      EV: 19    Int: 17    God:    Gozag
Gold:   180        SH:  0    Dex: 17    Spells: 5/11 levels left

rFire   . . .      SeeInvis .      - Unarmed
rCold   . . .      Faith    .    (shield currently unavailable)
rNeg    . . .      Spirit   .    (helmet currently unavailable)
rPois   .          Reflect  .    (no amulet)
rElec   .          Harm     .    i - ring of poison resistance
rCorr   .          Rampage  .    (no ring)
Will    .....                    (no ring)
Stlth   ..........               (no ring)
HPRegen 0.30/turn                (no ring)
MPRegen 0.12/turn                (no ring)
                                 (no ring)
                                 (no ring)

@: berserking, lethally poisoned (0 -> -8), spider-form (expiring), gold aura,
very quick
A: venomous fangs, almost no armour, (amphibious), 8 rings, tiny, (camouflage
1), (gelatinous body 1), (nimble swimmer 1), (tentacles)
a: End Transformation, Renounce Religion, Potion Petition, Call Merchant, Bribe
Branch


You were on level 4 of the Dungeon.
You worshipped Gozag.
Gozag was aware of your devotion.
You were a venomous arachnid creature.
You visited 2 branches of the dungeon, and saw 6 of its levels.

You collected 273 gold pieces.
You paid 93 gold pieces to Gozag.

Inventory:

Missiles
 c - 4 atropa-tipped darts (quivered)
Armour
 d - an orb of mayhem
 f - the +0 hat of the Ecumenical Temple (melded) {rCorr}
   (You found it on level 2 of the Dungeon)

   rCorr:     It protects you from acid and corrosion.
Jewellery
 i - a ring of poison resistance (left front leg)
Scrolls
 g - a scroll of identify
Potions
 a - 2 potions of lignification
 e - a potion of might {unknown}
 h - a potion of haste {unknown}


   Skills:
 - Level 1.0 Fighting
 - Level 2.0 Dodging
 - Level 1.5 Stealth
 - Level 3.0 Unarmed Combat
 + Level 2.9 Spellcasting
 + Level 5.8 Transmutations
 + Level 2.1 Ice Magic
 - Level 2.7 Poison Magic


You had 5 spell levels left.
You knew the following spells:

 Your Spells              Type           Power      Damage    Failure   Level
a - Beastly Appendage     Tmut           44%        N/A       7%          1
b - Wereblood             Tmut           22%        N/A       10%         2
c - Spider Form           Tmut/Pois      17%        N/A       22%         3

Your spell library contained the following spells:

 Spells                   Type           Power      Damage    Failure   Level
 Ice Form                 Ice/Tmut       15%        N/A       56%         4


Dungeon Overview and Level Annotations

Branches:
Dungeon (5/15)             Temple (1/1) D:5

Altars:
Ashenzari
Cheibriados
Dithmenos
Elyvilon
Gozag
Hepliaklqana
Kikubaaqudgha
Makhleb
Nemelex Xobeh
Okawaru
Ru
Sif Muna
Trog
Uskayaw
Wu Jian
Xom
Zin
The Shining One


Innate Abilities, Weirdness & Mutations

You are a venomous arachnid creature.
You have poisonous fangs.
You are tiny and dextrous.
Your spellcasting is less reliable in this form.
Your armour is entirely melded.
You are incapable of wielding weapons or throwing items.
You cannot wear most types of armour.
((You are amphibious.))
You can wear up to eight rings at the same time.
((Your skin changes colour to match your surroundings (Stealth+).))
((Your rubbery body absorbs attacks. (AC +1, EV +1)))
((You are camouflaged when in or above water. (Stealth+)))
((You have tentacles for arms and can constrict up to eight enemies at once.))


Message History

The scorpion stings you but does no damage.
The endoplasm freezes you.
You are frozen.
You hit the scorpion.
The scorpion looks as sick as possible!
The scorpion is severely wounded.
You kill the scorpion!
The adder is no longer distracted by gold.
The adder closely misses you. The endoplasm hits you.
Your Ice Magic skill increases to level 2!
You have reached level 7!
You completely miss the adder. The adder misses you. The adder bites you.
You are poisoned.
The adder poisons you! The adder bites you.
You are more poisoned.
The adder poisons you!
You hit the adder.
The adder is poisoned.
The adder is moderately wounded.
You feel very sick. The endoplasm hits you. The adder bites you.
* * * LOW HITPOINT WARNING * * *
You are lethally poisoned!
The adder poisons you! The adder completely misses you.
You hit the adder.
The adder is severely wounded.
* * * LOW HITPOINT WARNING * * *
You feel very sick. The endoplasm barely misses you.
The adder barely misses you. The adder misses you.
It was a potion of berserk rage.
A red film seems to cover your vision as you go berserk!
You feel yourself moving faster!
You feel mighty!
* * * LOW HITPOINT WARNING * * *
You feel very sick. The adder misses you. The endoplasm freezes you.
You are frozen.
* * * LOW HITPOINT WARNING * * *
The adder bites you.
You die...
Your body crumbles into a pile of gold.

#.........# ###.
#.......### #.
#.......# #.
#.......# #.
#^....<.# # ##
#.......# .#
#.......# ..
#.......# ######.##
#.......# #..JsS..#
#.......# #..S$...#
###'##### #.......#
###.# ######'##
...)##### ..
##......# ###
##'####.####
...........##########
...........'........#


You could see 2 adders and an endoplasm.

Vanquished Creatures
  An ogre (D:4)
  2 scorpions
  An orc priest (D:2)
  A jelly (D:4)
  An iguana (D:4)
  A gnoll (D:5)
  5 adders
  3 worms
  3 dart slugs
  8 orcs
  8 endoplasms
  5 giant cockroaches
  5 hobgoblins
  8 kobolds
  11 quokkas
  6 ball pythons
  12 bats
  2 frilled lizards
  7 goblins
  2 rats
  2 butterflies (D:5)
94 creatures vanquished.

Notes
Turn   | Place    | Note
-------+----------+-------------------------------------------
     0 | D:1      | Engwar the Octopode Transmuter began the quest for the Orb.
     0 | D:1      | Reached XP level 1. HP: 13/13 MP: 3/3
   112 | D:1      | Reached XP level 2. HP: 18/18 MP: 5/5
   115 | D:1      | Learned a level 2 spell: Wereblood
   218 | D:1      | Reached skill level 3 in Transmutations
   273 | D:1      | Reached XP level 3. HP: 23/23 MP: 3/6
   707 | D:2      | Learned a level 3 spell: Spider Form
   810 | D:2      | Reached skill level 4 in Transmutations
   891 | D:2      | Reached XP level 4. HP: 26/28 MP: 3/7
  1260 | D:2      | Reached skill level 1 in Poison Magic
  1366 | D:2      | Identified the +0 hat of the Ecumenical Temple {rCorr}
  1803 | D:3      | Reached XP level 5. HP: 32/33 MP: 6/8
  1989 | D:3      | Identified the +1 cloak of the Hart {rF+ Str+4 SInv}
  2291 | D:3      | Reached skill level 5 in Transmutations
  2677 | D:4      | Noticed an ogre
  3180 | D:4      | Noticed an ogre
  3194 | D:4      | Killed an ogre
  3195 | D:4      | Reached skill level 1 in Stealth
  3195 | D:4      | Reached skill level 1 in Ice Magic
  3195 | D:4      | Reached XP level 6. HP: 16/38 MP: 6/9
  3768 | D:5      | Entered Level 5 of the Dungeon
  3835 | D:5      | Found a staircase to the Ecumenical Temple.
  3880 | Temple   | Entered the Ecumenical Temple
  3969 | Temple   | Became a worshipper of Gozag Ym Sagoz the Greedy
  4011 | D:4      | Reached XP level 7. HP: 19/43 MP: 9/11
  4014 | D:4      | HP: 3/64 [frozen (5)]
  4014 | D:4      | Slain by an adder

Illustrated notes

Levels and vault maps discovered:
D:1:      ncdulo_lavacross, layout_rooms, minmay_pentomino_s4
D:2:      layout_basic, st_stairs_5, chequers_serial_rivers_micro_a
D:3:      layout_basic, roderic_batcave
D:4:      layout_basic
D:5:      layout_layer_cave, minmay_temple_entry_butterflies,
          uniq_blork_the_orc, uniq_pikel
Temple:   hc_temple_tempest_star

Skill      XL: |  1  2  3  4  5  6 |
---------------+-------------------+-----
Transmutations | 3 4 5 |  5.8
Poison Magic   | 1 2 |  2.7
Stealth        | 1 |  1.5
Ice Magic      | 1 2 |  2.1
Fighting       | |  1.0
Dodging        | |  2.0
Unarmed Combat | |  3.0
Spellcasting   | |  2.9

Action                   |  1- 3 |  4- 6 |  7- 9 || total
-------------------------+-------+-------+-------++-------
Melee: Unarmed           |    86 |   171 |     3 ||   260
       Tentacles         |    17 |    34 |       ||    51
       Constrict         |    22 |    35 |       ||    57
       Kick              |    11 |    28 |       ||    39
       Punch             |     2 |     2 |       ||     4
Throw: Dart              |       |     1 |       ||     1
 Cast: Beastly Appendage |    10 |    15 |       ||    25
       Wereblood         |     1 |     2 |       ||     3
       Spider Form       |     1 |     3 |       ||     4
  Use: Scroll            |     3 |     5 |       ||     8
       Potion            |       |       |     1 ||     1
 Stab: Sleeping          |     1 |     7 |       ||     8
Armor: Skin              |     5 |    13 |       ||    18
Dodge: Dodged            |    62 |   121 |     6 ||   189

Table legend: (Time is in decaauts)
 A = Elapsed time spent in this place.
 B = Non-inter-level travel time spent in this place.
 C = Inter-level travel time spent in this place.
 D = Time resting spent in this place.
 E = Time spent auto-exploring this place.
 F = Levels seen in this place.
 G = Mean time per level.
                   A        B        C        D        E       F      G
               +--------+--------+--------+--------+--------+-----+--------+
         Total |   4000 |   3705 |    295 |    214 |   2498 |   6 |  666.7 |
       Dungeon |   3899 |   3614 |    285 |    214 |   2429 |   5 |  779.8 |
        Temple |    100 |     90 |     10 |      0 |     69 |   1 |  100.0 |
               +--------+--------+--------+--------+--------+-----+--------+

Top non-repeatable levels by time:
     D:4: 1292 daAuts
     D:2: 1199 daAuts
     D:3: 717 daAuts
     D:1: 589 daAuts
  Temple: 100 daAuts
     D:5: 100 daAuts
